 Dungeon Crawl Stone Soup version 0.31.0-11-ge490571c62 (webtiles) character file.

Game seed: 12868951250724964785

56 qw the Shooter (level 3, -1/18 HPs)
             Began as a Spriggan Hunter on Feb 4, 2024.
             Succumbed to an adder's poison
             ... on level 2 of the Dungeon.
             The game lasted 00:00:40 (832 turns).

qw the Shooter (Spriggan Hunter)                     Turns: 832, Time: 00:00:40

Health: -1/18      AC:  2    Str:  7    XL:     3   Next: 69%
Magic:  4/4        EV: 19    Int: 10    God:
Gold:   26         SH:  5    Dex: 20    Spells: 2/2 levels left

rFire   . . .        a - +0 shortbow (heavy)
rCold   . . .        (shield currently unavailable)
rNeg    . . .        c - +0 robe
rPois   .            (helmet restricted)
rElec   .            (no cloak)
rCorr   .            (gloves unavailable)
SInv    +            (boots unavailable)
Will    .....        m - amulet of reflection
Stlth   ++           (no ring)
HPRegen 0.23/turn    (no ring)
MPRegen 0.09/turn

%: reflection
@: lethally poisoned (-1 -> -7), very quick
A: very small, no large weapons, unfitting armour, see invisible, speed 3
a: no special abilities


You were on level 2 of the Dungeon.
You visited 1 branch of the dungeon, and saw 2 of its levels.

You collected 68 gold pieces.
You spent 42 gold pieces at shops.


Innate Abilities, Weirdness & Mutations

You are very small and have problems with some larger weapons.
You are too small for most types of armour.
You have supernaturally acute eyesight. (SInv)
You cover ground extremely quickly. (Speed+++)


   Skills:
 - Level 1.5 Fighting
 + Level 4.9 Ranged Weapons
 - Level 4.0 Dodging
 - Level 1.5 Stealth


You had 2 spell levels left.
You didn't know any spells.
Your spell library was empty.

Inventory:

Hand Weapons
 a - a +0 heavy shortbow (weapon)
Armour
 c - a +0 robe (worn)
Jewellery
 d - a +4 ring of protection
 m - an amulet of reflection (around neck)
Scrolls
 b - a scroll of noise {unknown}
 l - a scroll of brand weapon
Potions
 k - a potion of curing

Dungeon Overview and Level Annotations

Branches:
Dungeon (2/15)

Altars:

Shops:
D:1 =:*!   D:2 :


Message History

There is a stone staircase leading down here.
Found a long sword.
Found a scroll of fog.
Found 6 stones.
You now have 26 gold pieces (gained 13).
Found a spear.
A rat comes into view.
You shoot an arrow. The rat squeaks loudly.
The arrow hits the rat.
You kill the rat!
An adder comes into view.
You shoot an arrow. The arrow closely misses the adder.
The adder hisses angrily.
You shoot an arrow. The arrow hits the adder.
The adder is moderately wounded.
You shoot an arrow.
The arrow hits the adder but does no damage.
The adder is moderately wounded.
You shoot an arrow. The arrow misses the adder.
The adder barely misses you. The adder closely misses you. x2
You shoot an arrow. The arrow closely misses the adder.
You block the adder's attack. The adder bites you.
You shoot an arrow. The arrow barely misses the adder.
The adder bites you.
You are poisoned.
The adder poisons you! The adder completely misses you.
You shoot an arrow. The arrow hits the adder.
The adder is moderately wounded.
You feel sick. The adder bites you. The adder completely misses you.
You shoot an arrow. The arrow closely misses the adder.
You feel sick. The adder completely misses you. You block the adder's attack.
You shoot an arrow. The arrow closely misses the adder.
You feel sick.
You are no longer poisoned.
The adder bites you.
You are lethally poisoned!
The adder poisons you! The adder closely misses you.
You shoot an arrow. The arrow closely misses the adder.
You die...

#.....?....#
#..........# ######
#..........# #....##
##........#####
#.....###.............#
#.....##...........##..#
#.....##............# #
####..##......#...#.....
#...........#@#......
#......>.....S.......
#####..#......)#.#..)...
....##>.......#.(.#.....
..........#....... .....
.####..#.....#....%.....
...............###.. ...
..####.............###.#
#.## ##.....##...#....


You could see an adder.

Vanquished Creatures
  An adder (D:2)
  A dart slug (D:1)
  A bat (D:2)
  6 endoplasms
  A giant cockroach (D:1)
  4 goblins
  5 hobgoblins (D:1)
  4 jackals (D:2)
  3 quokkas (D:1)
  A ball python (D:1)
  3 frilled lizards (D:1)
  5 kobolds
  4 rats
39 creatures vanquished.

Notes
Turn   | Place    | Note
-------+----------+-------------------------------------------
     0 | D:1      | qw the Spriggan Hunter began the quest for the Orb.
     0 | D:1      | Reached XP level 1. HP: 10/10 MP: 2/2
     0 | D:1      | 0 ||| qw: Version: 0.3-a-160-g6735b56
     0 | D:1      | 0 ||| qw: Game counter: 6010
     0 | D:1      | 0 ||| qw: Melee chars always use a shield: true
     0 | D:1      | 0 ||| qw: God list: Okawaru
     0 | D:1      | 0 ||| qw: Allow faded altars: false
     0 | D:1      | 0 ||| qw: Do Orc after clearing Dungeon:15 true
     0 | D:1      | 0 ||| qw: Do second Lair branch before Depths: true
     0 | D:1      | 0 ||| qw: Lair rune preference: random
     0 | D:1      | 0 ||| qw: Goals: Normal
     0 | D:1      | 0 ||| PLANNING D:1-11
    55 | D:1      | Reached skill level 3 in Dodging
    69 | D:1      | Found Obinn's Jewellery Shoppe.
    84 | D:1      | Found Pivvehie's Jewellery Boutique.
    90 | D:1      | 90 ||| SHOPLISTING amulet of Eternal Harmony {Acrobat
                  | ^Fragile rF+++ Str+5} (1076 gold, have 28).
    90 | D:1      | 90 ||| SHOPLISTING amulet of guardian spirit (420 gold,
                  | have 28).
    90 | D:1      | 90 ||| SHOPLISTING amulet of reflection (420 gold, have
                  | 28).
    90 | D:1      | 90 ||| SHOPLISTING ring of Midwinter {rPois rF- AC+4 Int+5
                  | Stlth+} (749 gold, have 28).
    90 | D:1      | 90 ||| SHOPLISTING ring of fire (350 gold, have 28).
    90 | D:1      | 90 ||| SHOPLISTING ring of poison resistance (280 gold,
                  | have 28).
    90 | D:1      | 90 ||| SHOPLISTING ring of protection from cold (350 gold,
                  | have 28).
   127 | D:1      | Reached XP level 2. HP: 14/14 MP: 3/3
   240 | D:1      | Found Weeghud's Book Emporium.
   308 | D:1      | Found Gawul's General Store.
   317 | D:1      | 317 ||| SHOPLISTING +11 sling of the Eel {elec, rN+} (838
                  | gold, have 46).
   416 | D:1      | Found Vecijaf's Distillery.
   427 | D:1      | 427 ||| BUYING potion of curing (42 gold).
   427 | D:1      | Bought a potion of curing for 42 gold pieces
   427 | D:1      | 427 ||| SHOPLISTING potion of heal wounds (70 gold, have
                  | 4).
   427 | D:1      | 427 ||| SHOPLISTING potion of might (56 gold, have 4).
   427 | D:1      | 427 ||| SHOPLISTING potion of resistance (140 gold, have
                  | 4).
   538 | D:1      | Reached XP level 3. HP: 18/18 MP: 4/4
   645 | D:1      | 645 ||| UPGRADING to amulet of reflection.
   650 | D:1      | 650 ||| READING 2 scrolls labelled DILARE MOEWNIF.
   651 | D:1      | 651 ||| READING scroll labelled MARIMO LOR WUI.
   652 | D:1      | 652 ||| READING scroll labelled ZADGHI TUIVAYRU.
   652 | D:1      | 652 ||| IDENTIFYING 2 silvery potions
   653 | D:1      | 653 ||| READING scroll labelled XAWKUN VAZIPE.
   654 | D:1      | 654 ||| READING scroll labelled FEENKI ZOAW.
   654 | D:1      | 654 ||| ENCHANTING +0 shortbow.
   655 | D:1      | 655 ||| READING scroll labelled XIRPHI YSAF.
   659 | D:1      | 659 ||| READING 2 scrolls labelled SOCZEDUM RELUA.
   659 | D:1      | 659 ||| BRANDING +0 shortbow.
   660 | D:1      | 660 ||| DROPPING scroll of butterflies.
   661 | D:1      | 661 ||| DROPPING scroll of revelation.
   662 | D:1      | 662 ||| DROPPING 2 potions of brilliance.
   806 | D:2      | Found Koukosad's Book Shoppe.
   831 | D:2      | HP: 4/18 [poisoned by an adder]
   832 | D:2      | Succumbed to an adder's poison

Levels and vault maps discovered:
D:1:      roderic_chinese_lattice_arrival, layout_loops_ring, serial_shops,
          shop, shop, shop, nicolae_shop_behind_doors,
          nicolae_shop_industrial_runoff
D:2:      layout_rooms, serial_shops, nicolae_shop_advertising_works
          [nicolae_subvault_shop_adworks],
          dreamdust_ecumenical_altar_angels_and_demons, minmay_tall_x

Skill      XL: |  1  2 |
---------------+-------+-----
Dodging        | 3 4 |  4.0
Fighting       | |  1.5
Ranged Weapons | |  4.9
Stealth        | |  1.5

Action                     || total
---------------------------++-------
   Fire: Shortbow          ||   117
    Use: Scroll            ||     7
 Armour: Robe              ||    12
  Dodge: Dodged            ||    72
  Block: Other             ||    16

Table legend:
 A = Non-vault XP
 B = Vault XP
 C = Vault XP percentage of total XP
 D = Non-vault monster count
 E = Vault monster count
 F = Vault count percentage of total count
                 A         B        C        D         E       F
            +---------+---------+-------+---------+---------+-------
      Total |      80 |       0 |   0.0 |      39 |       0 |   0.0
            +---------+---------+-------+---------+---------+-------
        D:1 |      42 |       0 |   0.0 |      25 |       0 |   0.0
        D:2 |      38 |       0 |   0.0 |      14 |       0 |   0.0
            +---------+---------+-------+---------+---------+-------
